 Dungeon Crawl Stone Soup version 0.29.1-12-g30fa7ad0bf (webtiles) character file.

Game seed: 646615671081441493

42 GeoRichter the Charlatan (level 3, 0/31 HPs)
             Began as a Demonspawn Artificer on Dec 24, 2022.
             Succumbed to a goblin's poison
             ... on level 1 of the Dungeon.
             The game lasted 00:01:47 (524 turns).

GeoRichter the Charlatan (Demonspawn Artificer)      Turns: 524, Time: 00:01:47

Health: 0/31       AC:  6    Str: 12    XL:     3   Next: 33%
Magic:  3/3        EV:  9    Int: 12    God:
Gold:   33         SH:  0    Dex: 15    Spells: 2/2 levels left

rFire   . . .      SeeInvis .   f - +0 whip
rCold   . . .      Faith    .   (no shield)
rNeg    . . .      Spirit   .   a - +0 scale mail
rPois   .          Reflect  .   (no helmet)
rElec   .          Harm     .   (no cloak)
rCorr   .          Rampage  .   (no gloves)
Will    .....                   (no boots)
Stlth   ..........              (no amulet)
HPRegen 0.10/turn               (no ring)
MPRegen 0.16/turn               (no ring)

@: lethally poisoned (0 -> -9)
A: demonic guardian 1, magic regeneration, robust 2
a: no special abilities


You were on level 1 of the Dungeon.
You visited 1 branch of the dungeon, and saw 2 of its levels.

You collected 33 gold pieces.

Inventory:

Hand Weapons
 f - a +0 whip (weapon)
   (You took it off a kobold on level 1 of the Dungeon)
Armour
 a - a +0 scale mail (worn)
   (You found it on level 1 of the Dungeon)
Wands
 c - a wand of flame (6) (quivered)
 d - a wand of charming (14)
 e - a wand of iceblast (5)
Scrolls
 g - a scroll of teleportation {unknown}
 h - a scroll of identify {unknown}


   Skills:
 - Level 1.0 Fighting
 - Level 1.7 Armour
 - Level 0.8 Dodging
 - Level 0.8 Stealth
 * Level 4.4 Evocations


You had 2 spell levels left.
You didn't know any spells.
Your spell library was empty.

Dungeon Overview and Level Annotations

Branches:
Dungeon (2/15) Zot: 11468

Altars:


Innate Abilities, Weirdness & Mutations

A weak demonic guardian rushes to your aid.
You regenerate magic rapidly.
You are very robust. (+20% HP)


Message History

You hit the ball python.
You kill the ball python!
No target in view!
h - a scroll labelled SOLEVA ZECIS A dart slug comes into view.
The dart slug launches a dart at you.
The slug dart hits you but does no damage.
The dart slug closely misses you.
You hit the dart slug. You hit the dart slug.
The dart slug launches a dart at you. The slug dart hits you.
You hit the dart slug.
You kill the dart slug!
No target in view!
A goblin comes into view. It is wielding a +2 dagger of venom.
The goblin shouts!
A goblin is nearby!
A goblin is nearby!
A goblin comes into view. It is wielding a +0 club.
The goblin shouts!
The goblin hits you but does no damage.
You are poisoned.
You barely miss the goblin.
You feel sick. The goblin hits you with a +0 club.
The goblin hits you with a +2 dagger of venom.
You are more poisoned.
You closely miss the goblin.
You feel very sick. The goblin barely misses you.
The goblin hits you but does no damage.
You are lethally poisoned!
* * * LOW HITPOINT WARNING * * *
You feel very sick.
Unknown command.
Aim: a goblin, wielding a +2 dagger of venom (67% to hit)
The puff of flame hits the goblin.
You kill the goblin!
* * * LOW HITPOINT WARNING * * *
You feel very sick.
Aim: a goblin, wielding a +2 dagger of venom (67% to hit)
The puff of flame hits the goblin!
You kill the goblin!
* * * LOW HITPOINT WARNING * * *
You feel very sick.
It was a potion of mutation.
You feel extremely strange.
You feel robust. x2
* * * LOW HITPOINT WARNING * * *
You feel sick.
You aren't carrying any potions.
Okay, then.
You die...

........######.#............##
.........# #............#...
.........#######....†.........
....†.........................
.........#############........
.........# ##.....####...
...)....#########..##### #
.........#......#.##
.........#......@.#
.........#.....)###
.........#......#
.........#.......
........##......##
#......###......# ########
#......# #......# #......#


There were no monsters in sight!

Vanquished Creatures
  2 dart slugs
  3 ball pythons (D:1)
  4 endoplasms (D:1)
  A giant cockroach (D:1)
  3 goblins (D:1)
  A hobgoblin (D:1)
  7 jackals
  2 bats (D:1)
  2 kobolds
25 creatures vanquished.

Vanquished Creatures (collateral kills)
  A dart slug (D:1)
  A jackal (D:1)
  A quokka (D:2)
3 creatures vanquished.

Vanquished Creatures (others)
  An endoplasm (D:1)
1 creature vanquished.

Grand Total: 29 creatures vanquished

Notes
Turn   | Place    | Note
-------+----------+-------------------------------------------
     0 | D:1      | GeoRichter the Demonspawn Artificer began the quest for the
                  | Orb.
     0 | D:1      | Reached XP level 1. HP: 15/15 MP: 1/1
     1 | D:1      | You fall into a shaft and drop 1 floor!
    41 | D:2      | Gained mutation: A weak demonic guardian rushes to your
                  | aid. [demonic ancestry]
    41 | D:2      | Reached XP level 2. HP: 12/21 MP: 2/2
   229 | D:1      | Reached skill level 4 in Evocations
   395 | D:1      | Gained mutation: You regenerate magic rapidly. [demonic
                  | ancestry]
   395 | D:1      | Reached XP level 3. HP: 26/26 MP: 3/3
   523 | D:1      | Gained mutation: You are robust. (+10% HP) [potion of
                  | mutation]
   523 | D:1      | Gained mutation: You are very robust. (+20% HP) [potion of
                  | mutation]
   524 | D:1      | Succumbed to a goblin's poison

Illustrated notes

Levels and vault maps discovered:
D:1:      saegor_arrival_miasma, layout_rooms
D:2:      layout_loops_cross, serial_undead, serial_undead_d, serial_undead_d,
          serial_undead_a, serial_undead_d, basic_altar

Skill      XL: |  1  2 |
---------------+-------+-----
Evocations     | 4 |  4.4
Fighting       | |  1.0
Armour         | |  1.7
Dodging        | |  0.8
Stealth        | |  0.8

Action                   || total
-------------------------++-------
Melee: Club              ||     6
       Whip              ||    59
       Punch             ||     2
Evoke: Wand              ||    10
  Use: Potion            ||     1
Armor: Leather armour    ||     4
       Scale mail        ||    30
Dodge: Dodged            ||    37
